 Dungeon Crawl Stone Soup version 0.26-a0-664-gc8b27b8fc1 (webtiles) character file.

Game seed: 2173095418156791089

49 Gargoyl the Skirmisher (level 3, -4/35 HPs)
             Began as a Gnoll Abyssal Knight on Oct 13, 2020.
             Was a Follower of Lugonu.
             Slain by a worm (6 damage)
             ... on level 2 of the Dungeon.
             The game lasted 00:01:27 (992 turns).

Gargoyl the Skirmisher (Gnoll Abyssal Knight)        Turns: 992, Time: 00:01:28

Health: -4/35      AC: 12    Str: 15    XL:     3   Next: 75%
Magic:  6/6        EV:  2    Int: 14    God:    Lugonu [*.....]
Gold:   49         SH:  7    Dex: 14    Spells: 3/3 levels left

rFire    . . .     SeeInvis .   a - +1 hand axe
rCold    . . .     Faith    .   j - +0 kite shield
rNeg     . . .     Spirit   .   c - +0 plate armour
rPois    .         Reflect  .   (no helmet)
rElec    .         Harm     .   (no cloak)
rCorr    .         Rampage  .   (no gloves)
MR       .....                  (no boots)
Stlth    ..........             b - amulet of magic regeneration (curse)
HPRegen  0.11/turn              (no ring)
MPRegen  0.35/turn              (no ring)

@: no status effects
A: distributed training, fangs 1, strong nose
a: Depart the Abyss, Renounce Religion


You were on level 2 of the Dungeon.
You worshipped Lugonu.
Lugonu was aware of your devotion.
You visited 1 branch of the dungeon, and saw 2 of its levels.
You visited the Abyss 1 time.

You collected 49 gold pieces.

Inventory:

Hand Weapons
 a - a +1 hand axe (weapon)
Missiles
 h - 14 poisoned darts (quivered)
Armour
 c - a +0 plate armour (worn)
 j - a +0 kite shield (worn)
Jewellery
 b - a cursed amulet of magic regeneration (around neck)
Scrolls
 e - 2 scrolls of remove curse {unknown}
 i - a scroll of fog {unknown}
Potions
 d - a potion of mutation {unknown}
 f - a potion of degeneration {unknown}
 g - 2 potions of resistance {unknown}


   Skills:
 + Level 6.5 Fighting
 + Level 0.9 Short Blades
 + Level 0.9 Long Blades
 + Level 4.5 Axes
 + Level 0.9 Maces & Flails
 + Level 0.9 Polearms
 + Level 0.9 Staves
 + Level 0.9 Slings
 + Level 0.9 Bows
 + Level 0.9 Crossbows
 + Level 0.9 Throwing
 + Level 4.5 Armour
 + Level 2.6 Dodging
 + Level 0.9 Stealth
 + Level 0.9 Shields
 + Level 0.9 Unarmed Combat
 + Level 0.9 Spellcasting
 + Level 0.6 Conjurations
 + Level 0.6 Hexes
 + Level 0.6 Summonings
 + Level 0.6 Necromancy
 + Level 0.6 Translocations
 + Level 0.6 Transmutations
 + Level 0.6 Fire Magic
 + Level 0.6 Ice Magic
 + Level 0.6 Air Magic
 + Level 0.6 Earth Magic
 + Level 0.6 Poison Magic
 + Level 4.6 Invocations
 + Level 0.9 Evocations


You had 3 spell levels left.
You didn't know any spells.
Your spell library was empty.

Dungeon Overview and Level Annotations

Branches:
Dungeon (2/15)

Altars:


Innate Abilities, Weirdness & Mutations

Your experience applies equally to all skills.
You have very sharp teeth.
Your uncanny sense of smell can sniff out nearby items.


Message History

The worm is moderately wounded.
You hit the worm. The worm bites you but does no damage.
You hit the worm but do no damage. You bite the worm, but do no damage.
The worm is moderately wounded.
Your plate armour prevents you from hitting the worm.
The worm bites you. The worm bites you but does no damage.
You hit the worm. You bite the worm.
The worm is heavily wounded.
You hit the worm. The worm bites you!
* * * LOW HITPOINT WARNING * * *
The worm bites you.
* * * LOW HITPOINT WARNING * * *
You hit the worm.
The worm is severely wounded.
Your shield and plate armour prevent you from hitting the worm.
You block the worm's attack.
You hit the worm.
The worm is almost dead.
You hit the worm. The worm bites you.
You die...

......# ##......†..........
...............†....#...#.
......####..............#.#
....... ...#..###.........#
.#.#. #. #..#.........###
.#.# #. #.#......=# ... ..
#............ ...
..#.##w.w....#.### ...#
.......@.....#... ...#
.............# ... ....
.............# [. ..#.
..#.#........# .+
...............
....#........#.
..###........# #........#


You could see 2 worms.

Vanquished Creatures
  An adder (D:2)
  A worm (D:2)
  2 dart slugs
  3 leopard geckos (D:1)
  A giant cockroach (D:1)
  3 goblins
  4 hobgoblins
  2 kobolds
  A ball python (D:2)
  5 bats
  2 frilled lizards
  7 rats
32 creatures vanquished.

Notes
Turn   | Place    | Note
-------+----------+-------------------------------------------
     0 | Abyss:1  | Gargoyl the Gnoll Abyssal Knight began the quest for the
                  | Orb.
     0 | Abyss:1  | Reached XP level 1. HP: 23/23 MP: 3/3
    43 | Abyss:1  | Noticed an anaconda skeleton
    47 | Abyss:1  | Noticed an efreet
    49 | Abyss:1  | Noticed a tentacled starspawn
    50 | D:1      | Escaped the Abyss
   212 | D:1      | Reached * piety under Lugonu
   212 | D:1      | Reached XP level 2. HP: 29/29 MP: 5/5
   721 | D:1      | Reached XP level 3. HP: 35/35 MP: 6/6
   990 | D:2      | HP: 1/35 [worm (5)]
   992 | D:2      | Slain by a worm

Illustrated notes

Levels and vault maps discovered:
D:1:      evilmike_arrival_grusome_pit, layout_rooms
D:2:      layout_basic, nicolae_overflow_hidden_temple

Action                   || total
-------------------------++-------
Melee: Hand axe          ||   103
       Bite              ||    11
Invok: Depart the Abyss  ||     1
  Use: Scroll            ||     1
Armor: Plate armour      ||    71
Dodge: Dodged            ||    21
Block: Kite shield       ||    13

Table legend: (Time is in decaauts)
 A = Elapsed time spent in this place.
 B = Non-inter-level travel time spent in this place.
 C = Inter-level travel time spent in this place.
 D = Time resting spent in this place.
 E = Time spent auto-exploring this place.
 F = Levels seen in this place.
 G = Mean time per level.
                   A        B        C        D        E       F      G
               +--------+--------+--------+--------+--------+-----+--------+
         Total |   1003 |    937 |     66 |      0 |    659 |   3 |  334.3 |
       Dungeon |    953 |    887 |     66 |      0 |    627 |   2 |  476.5 |
         Abyss |     50 |     50 |      0 |      0 |     32 |   1 |   50.0 |
               +--------+--------+--------+--------+--------+-----+--------+

Top non-repeatable levels by time:
     D:1: 744 daAuts
     D:2: 208 daAuts
 Abyss:1: 50 daAuts
